[Event "*** Titled Tuesday Blitz"]
[Site "Chess.com"]
[Date "2018.05.01"]
[Round "2"]
[White "el-reptiliano"]
[Black "aa175"]
[Result "0-1"]
[WhiteElo "1568"]
[BlackElo "1863"]
[TimeControl "180+2"]
[EndTime "13:22:13 PDT"]
[Termination "aa175 won on time"]

1. d4 e5 2. dxe5 Nc6 3. Nf3 Qe7 4. Bf4 Qb4+ 5. Bd2 Qxb2 6. Bc3 Bb4 7. Bxb4 Nxb4 8. Na3 Qxa3 9. Rc1 Nxa2 10. Ra1 Qc3+ 11.
Nd2 Nb4 12. Rc1 Ne7 13. e3 b6 14. Be2 Bb7 15. O-O O-O 16. Bf3 Bxf3 17. Nxf3 Rfd8 18. Nd4 c5 19. Nf3 Nbc6 20. Qd6 Nf5 21. Qd5 Nce7 22. Qa2 h6 23. Rfd1 d5 24. exd6 Rxd6 25. Qa4 Rad8 26. Re1 R6d7 27. Rb1 Ng6 28. h3 Ne5 29. Nxe5 Qxe5 30.
Ra1 Qe7 31. Qg4 Qg5 32. Qe4 Nd6 33. Qc6 Qf6 34. e4 Nc4 35. Qxf6 gxf6 36. Ra4 b5 37. Ra6 Rd1 38. Kf1 Nd2+ 39. Ke2 Rxe1+ 40. Kxe1 Nxe4 41. f3 Nc3 42. Rxa7 Rd1+ 43. Kf2 Rd2+ 44. Ke3 Rxg2 45. Kf4 Rxc2 46. Kf5 Kg7 47. Ra6 Nd5 48. Ra1 Ne3+ 49. Ke4 f5+ 50. Kxe3 b4 51. Kf4 b3 52. Kxf5 b2 53. Rg1+ Kf8 54. Rb1 c4 55. Kf6 c3 56.
Rd1 Rd2 57. Rb1 Rd6+ 58. Ke5 Rb6 59. Kf5 c2 0-1

[Event "*** Titled Tuesday Blitz"]
[Site "Chess.com"]
[Date "2018.05.01"]
[Round "2"]
[White "pulvettd"]
[Black "2Tilted"]
[Result "0-1"]
[WhiteElo "2394"]
[BlackElo "2273"]
[TimeControl "180+2"]
[EndTime "13:22:14 PDT"]
[Termination "2Tilted won by resignation"]

1. e4 c5 2. Nf3 e6 3. d4 cxd4 4. Nxd4 Nc6 5. Nc3 Qc7 6. f4 Nxd4 7. Qxd4 a6 8. Be3 b5 9. a3 Bb7 10. Be2 Rc8 11. Bf3 Ne7 12. O-O-O Nc6 13. Qb6 Na5 14.
Qxc7 Rxc7 15. Bb6 Rxc3 16. Bxa5 Rc4 17. Rhe1 Be7 18. Rd3 g5 19. Red1 d6 20. b3 Rc8 21.
fxg5 Bxg5+ 22. Bd2 Be7 23. Bb4 Bg5+ 24. Kb1 O-O 25. Bxd6 Rfd8 26. e5 Bxf3 27. Rxf3 h6 28.
Rdf1 Rd7 29. Rg3 Kh7 30. Rg4 Rg8 31. Rf2 h5 32. Rd4 Be3 33. Rdd2 Bxf2 34. Rxf2 f5 35. Kb2 Rg4 36. Kc3 Kg7 37. g3 h4 38. gxh4 Rxh4 39. Rg2+ Kf7 40. Kb2 Rd8 41. Rf2 Rdh8 42. Rf3 Rxh2 43.
Rc3 f4 44. Rc7+ Kg6 45. a4 bxa4 46. bxa4 f3 47. Rc3 R8h3 48. Rc4 Kf5 49. Bc5 f2 0-1

[Event "*** Titled Tuesday Blitz"]
[Site "Chess.com"]
[Date "2018.05.01"]
[Round "2"]
[White "Bryakin_Mikhail"]
[Black "Turkey-Champion"]
[Result "1-0"]
[WhiteElo "2600"]
[BlackElo "2294"]
[TimeControl "180+2"]
[EndTime "13:22:17 PDT"]
[Termination "Bryakin_Mikhail won by checkmate"]

1. d4 Nf6 2. c4 g6 3. Nc3 d5 4. Bf4 Bg7 5. e3 O-O 6. Rc1 Nc6 7. Nf3 Bg4 8. Be2 a6 9. O-O dxc4 10. Bxc4 b5 11. Be2 e6 12. h3 Bf5 13. Nxb5 axb5 14. Rxc6 Be4 15. Bxc7 Qe8 16. Rc1 Qe7 17. a3 Rfc8 18.
Be5 b4 19. Rxc8+ Rxc8 20. Qb3 bxa3 21. Qxa3 Qxa3 22. bxa3 Ra8 23. Ra1 Nd7 24. Bxg7 Kxg7 25. Nd2 Bc6 26. Bc4 Nb6 27. Bb3 Bb5 28. Ne4 Nc4 29.
Bxc4 Bxc4 30. Nc5 Ra5 31. a4 e5 32. f3 exd4 33. exd4 Kf6 34. Kf2 Ke7 35. Ke3 Bd5 36.
Kd3 Kd6 37. Kc3 Ra8 38. a5 Kc6 39. a6 f5 40. Re1 Ra7 41. Re8 h5 42. Rc8+ Kd6 43.
Kb4 Bc6 44. Ka5 Rc7 45. Rb8 g5 46. Kb6 g4 47. hxg4 fxg4 48. fxg4 h4 49. Rh8 Bxg2 50. Rxh4 Rc6+ 51. Kb5 Bf1+ 52. Ka5 Kd5 53. g5 Rg6 54. a7 Rg8 55. Rf4 Bg2 56. Kb6 Rg6+ 57. Rf6 Rg8 58. Nd7 Kxd4 59. g6 Rd8 60. g7 Kc4 61. Nf8 Bd5 62.
Kc7 Ra8 63. Ra6 Kb5 64. Ra1 Re8 65. Kd6 Ba8 66. g8=Q Re2 67. Qb3# 1-0

[Event "*** Titled Tuesday Blitz"]
[Site "Chess.com"]
[Date "2018.05.01"]
[Round "2"]
[White "TigranLPetrosyan"]
[Black "maciek_92"]
[Result "1/2-1/2"]
[WhiteElo "2668"]
[BlackElo "2586"]
[TimeControl "180+2"]
[EndTime "13:22:24 PDT"]
[Termination "Game drawn by agreement"]

1. Nf3 Nf6 2. g3 b6 3. Bg2 Bb7 4. O-O e6 5. d3 d5 6. Nbd2 Bc5 7. e4 O-O 8. e5 Nfd7 9. Re1 Nc6 10. Nf1 h6 11. c3 a5 12. h4 b5 13. N1h2 b4 14. Ng4 Qe7 15. Bf4 f5 16. exf6 Nxf6 17. Nge5 Nxe5 18. Nxe5 Qe8 19. Qd2 Bd6 20. d4 Ne4 21.
Qe3 Bxe5 22. Bxe5 Nxf2 23. Bxc7 Ne4 24. Rf1 Qg6 25. cxb4 axb4 26. Bf4 Rfc8 27. Rfc1 Rxc1+ 28. Rxc1 Rxa2 29. Be5 Nf6 30. Qd2 Ba6 31. Qxb4 Bc4 32. Qd2 Ng4 33. Bd6 Qd3 34. Qf4 Rxb2 35. Qxg4 Rxg2+ 36. Kxg2 Qd2+ 37. Kh3 Qxc1 38. Qxe6+ Kh8 39. Qc8+ Kh7 40. Qf5+ Kh8 41. Qc8+ Kh7 42. Qf5+ Kh8 43. Kg2 Qd2+ 44. Qf2 Qd3 45. Be5 Qe4+ 46. Kh2 Qe2 47.
Kg1 Qxf2+ 48. Kxf2 Kh7 49. h5 g6 50. g4 gxh5 51.
gxh5 Bb3 52. Kg3 Bd1 53. Kh4 1/2-1/2

[Event "*** Titled Tuesday Blitz"]
[Site "Chess.com"]
[Date "2018.05.01"]
[Round "2"]
[White "FMJoseHerrera"]
[Black "Yurovskykh_Oleksandr"]
[Result "1-0"]
[WhiteElo "2410"]
[BlackElo "2355"]
[TimeControl "180+2"]
[EndTime "13:22:26 PDT"]
[Termination "FMJoseHerrera won by resignation"]

1. Nf3 d5 2. g3 Bg4 3. Bg2 Nd7 4. O-O c6 5. d3 e6 6. c3 Bd6 7. Qb3 Qb6 8. Be3 Qxb3 9. axb3 a6 10. b4 Rc8 11.
Nbd2 Ne7 12. Nb3 O-O 13. Na5 Rc7 14. Rfe1 e5 15. Nd2 Nf5 16. Nf1 Nxe3 17. Nxe3 Be6 18.
Red1 f5 19. Nc2 Be7 20. e4 Nf6 21. exd5 cxd5 22. Re1 Bd6 23. Nd4 Bd7 24. Nf3 e4 25. dxe4 fxe4 26. Nd4 Be5 27. Nab3 Bc8 28. Rad1 h6 29.
h3 Bd6 30. Nc2 Be5 31. Ne3 Be6 32. Nd4 Bf7 33. Ndf5 Rfc8 34. Rd2 b6 35. Ra1 Ra7 36. Bf1 a5 37. b5 Rac7 38. Rad1 Kf8 39. Nd6 Rd8 40.
Nxf7 Kxf7 41. Nxd5 Rcd7 42. Bc4 Nxd5 43. Bxd5+ Ke7 44.
c4 e3 45. Re2 exf2+ 46. Kxf2 Kf6 47. Rde1 Re7 48. Kg2 Rde8 49. Rf1+ Kg6 50. Be4+ Kh5 51. Rf5+ g5 52. g4+ Kh4 53. Bc6 Bf6 54. Rxe7 Rxe7 55.
Rxf6 1-0

[Event "*** Titled Tuesday Blitz"]
[Site "Chess.com"]
[Date "2018.05.01"]
[Round "2"]
[White "LuisFSiles"]
[Black "Babbelbox"]
[Result "1/2-1/2"]
[WhiteElo "2226"]
[BlackElo "2378"]
[TimeControl "180+2"]
[EndTime "13:22:26 PDT"]
[Termination "Game drawn by repetition"]

1. e4 e6 2. d4 d5 3. Nd2 c5 4. exd5 Qxd5 5. Ngf3 cxd4 6. Bc4 Qd6 7.
O-O Nc6 8. Nb3 a6 9. Nbxd4 Nxd4 10. Qxd4 Qxd4 11. Nxd4 Ne7 12. a4 Bd7 13. Be3 Nc6 14. Nxc6 Bxc6 15. a5 Bd6 16. Bb6 Ke7 17. Rfd1 Rac8 18.
Bf1 Bd5 19. c3 Bc5 20. Bxc5+ Rxc5 21. g3 Rhc8 22. Bg2 Bxg2 23. Kxg2 Rb5 24. Rd2 Rc7 25. Ra4 e5 26. f4 Ke6 27. fxe5 Rxe5 28. Kf3 f5 29.
Re2 Rxe2 30. Kxe2 Ke5 31. Ke3 g5 32. Rb4 Rf7 33. Rb6 f4+ 34. gxf4+ gxf4+ 35. Kf3 Rd7 36. c4 Rd3+ 37. Ke2 Rh3 38. Rxb7 Rxh2+ 39. Kf3 Rh3+ 40.
Kf2 Kd4 41. b3 Ke4 42. Rb6 Rh2+ 43. Kg1 Rb2 44. Rxa6 Rxb3 45. Rb6 Ra3 46. Rh6 Rxa5 47. Rxh7 Rc5 48. Rh3 Rxc4 49. Ra3 Rd4 50. Kf2 Rd2+ 51.
Kf1 Kf5 52. Ke1 Rh2 53. Kf1 Kg4 54. Kg1 Re2 55. Rb3 Re5 56. Kf2 Re6 57. Rb8 Rg6 58. Rf8 Rh6 59. Rg8+ Kf5 60. Rf8+ Ke5 61. Re8+ Re6 62.
Rf8 Rb6 63. Re8+ Re6 64. Rxe6+ Kxe6 65. Kf3 Kf5 66. Kf2 Ke4 67. Ke2 f3+ 68. Kf2 Kf4 69. Kf1 Kg4 70. Kf2 Kf4 71. Kf1 Kf5 72. Kf2 Ke4 73.
Kf1 Kd4 74. Kf2 Ke4 75. Kf1 Kf4 76. Kf2 Kg4 77. Kf1 Kg3 78. Kg1 Kh3 79. Kf2 Kg4 80.
Kf1 Kg3 81. Kg1 Kh3 82. Kf2 Kg4 1/2-1/2

[Event "*** Titled Tuesday Blitz"]
[Site "Chess.com"]
[Date "2018.05.01"]
[Round "2"]
[White "Kawhi_Leonard2"]
[Black "silverback96"]
[Result "1/2-1/2"]
[WhiteElo "2167"]
[BlackElo "2047"]
[TimeControl "180+2"]
[EndTime "13:22:31 PDT"]
[Termination "Game drawn by agreement"]

1. e4 e6 2. d4 d5 3. Nd2 a6 4.
Bd3 c5 5. Ngf3 Nc6 6. c3 Nf6 7. e5 Nd7 8. O-O g5 9. h3 h5 10. g4 hxg4 11. hxg4 Qb6 12. Kg2 cxd4 13. cxd4 Nxd4 14.
Nxd4 Qxd4 15. Nb3 Qxe5 16. Be3 Qh2+ 17. Kf3 Ne5+ 18. Ke2 Nxg4 19. Rh1 Qxh1 20. Qxh1 Rxh1 21. Rxh1 Nxe3 22. Kxe3 e5 23. Rh8 Be6 24. Nc5 O-O-O 25.
Nxe6 fxe6 26. Rh5 e4 27. Be2 Bc5+ 28. Kd2 Be7 29. Bg4 Rd6 30. Rh6 Kd7 31. Rh7 d4 32. a3 Rb6 33. b4 a5 34. bxa5 Rb2+ 35. Ke1 Kd8 36. Bxe6 Rb5 37. Rf7 Rxa5 38. Bf5 Re5 39. a4 d3 40. Kd1 Ke8 41. Bg6 Kd7 42. f3 exf3 43. Rxf3 d2 44. Kxd2 g4 45. Bf5+ Kc7 46. Bxg4 Re4 47. Rc3+ Kb6 48. Rb3+ Kc7 49. Bf3 Rb4 50.
Rc3+ Kb8 51. a5 Rb5 52. Rd3 Rxa5 53. Bxb7 Kxb7 54. Rd7+ Kc6 55. Rxe7 Rd5+ 56. Kc3 Kd6 57. Rh7 1/2-1/2

[Event "*** Titled Tuesday Blitz"]
[Site "Chess.com"]
[Date "2018.05.01"]
[Round "2"]
[White "Alopekos"]
[Black "Rokis13"]
[Result "1-0"]
[WhiteElo "2333"]
[BlackElo "2457"]
[TimeControl "180+2"]
[EndTime "13:22:34 PDT"]
[Termination "Alopekos won by resignation"]

1. e4 e5 2. Nf3 Nc6 3. Bb5 Nge7 4. Nc3 a6 5. Bc4 Ng6 6. h4 h6 7. h5 Nf4 8. d4 exd4 9. Nxd4 Nxd4 10. Bxf4 Ne6 11.
Bxe6 dxe6 12. Qxd8+ Kxd8 13. O-O-O+ Bd7 14. Rh3 Ke8 15. Rhd3 Bc6 16. Bxc7 Be7 17. Bb6 f6 18. f3 Kf7 19.
Ne2 e5 20. Nc3 Rac8 21. Nd5 Bb5 22. R3d2 Bc5 23. Bxc5 Rxc5 24. b3 Rhc8 25. c4 Be8 26. Kb2 b5 27. Nb6 bxc4 28. Nxc4 R8c7 29. Nd6+ Ke7 30. Nf5+ Kf8 31. g4 a5 32. Rd8 a4 33.
Ra8 axb3 34. axb3 Rc2+ 35. Ka3 Rc8 36. Rd8 Rxa8+ 37. Rxa8 Rc1 38. Kb4 Rc6 39. Nxg7 Rb6+ 40. Kc3 Kxg7 41. Rxe8 Rc6+ 42. Kb4 Rd6 43. Rc8 Rd3 44.
Rc3 Rd4+ 45. Kc5 Kf7 46. b4 Ke7 47. b5 Kd7 48. b6 Kc8 49. Kc6 Kb8 50. b7 Rd1 51.
Rb3 Rd4 52. Ra3 Rc4+ 53. Kd5 Rb4 54. Ke6 Kxb7 55. Kxf6 Rb6+ 56. Kxe5 Kc7 57. Rd3 Rb5+ 58. Kf6 Rb6+ 59. Kg7 Rc6 60. e5 Re6 61. f4 Rb6 62. f5 Rb3 63. Rxb3 1-0

[Event "*** Titled Tuesday Blitz"]
[Site "Chess.com"]
[Date "2018.05.01"]
[Round "2"]
[White "DenksportAcademie"]
[Black "catalin009"]
[Result "1/2-1/2"]
[WhiteElo "2237"]
[BlackElo "2395"]
[TimeControl "180+2"]
[EndTime "13:22:34 PDT"]
[Termination "Game drawn by agreement"]

1. b3 e5 2. Bb2 Nc6 3. e3 Nf6 4. Bb5 Bd6 5. Na3 Na5 6. Be2 Qe7 7. Nb5 Nc6 8. Nf3 O-O 9. O-O e4 10. Nfd4 Nxd4 11. Nxd4 Qe5 12. g3 c5 13. Nb5 Qxb2 14.
Nxd6 Qe5 15. Nxc8 Raxc8 16. f3 d5 17. fxe4 Nxe4 18. Bf3 d4 19. Bxe4 Qxe4 20. Rf4 Qe5 21. e4 Rc6 22. d3 b5 23. Qf3 c4 24. Rf1 Qe6 25. Rf5 cxb3 26. cxb3 a6 27. Rd5 Rc3 28. Rxd4 Qb6 29. Qf2 Qc5 30. Rd7 Qxf2+ 31. Rxf2 f6 32. Ra7 Rxd3 33. Rxa6 Re8 34. Rb6 Re5 35. Re2 f5 36. Rb8+ Kf7 37. Rf2 g6 38. exf5 gxf5 39. g4 Rdd5 40. Rxf5+ Rxf5 41. gxf5 Rxf5 42. Kg2 Rc5 43. Kg3 Kg6 44. Kg4 Rc2 45. Rxb5 Rxa2 46. h4 Rg2+ 47. Kh3 Rb2 48. Kg3 Rc2 49. Rb6+ Kf5 50.
Rb7 Rc3+ 51. Kg2 Kg4 52. Rxh7 Rxb3 53. Rg7+ 1/2-1/2

[Event "*** Titled Tuesday Blitz"]
[Site "Chess.com"]
[Date "2018.05.01"]
[Round "2"]
[White "colegiodemadrid"]
[Black "MehdiHosseinipour"]
[Result "0-1"]
[WhiteElo "2293"]
[BlackElo "2444"]
[TimeControl "180+2"]
[EndTime "13:22:38 PDT"]
[Termination "MehdiHosseinipour won by resignation"]

1. e4 c5 2. Nf3 Nc6 3. d4 cxd4 4. Nxd4 Nf6 5. Nc3 d6 6. Bc4 e6 7. Be3 a6 8. Qe2 Be7 9. Bb3 Na5 10. O-O-O Qc7 11.
g4 O-O 12. g5 Nxb3+ 13. axb3 Nd7 14. Rhg1 b5 15. Qh5 b4 16. Na4 Bb7 17. f3 Rfc8 18.
Rd2 Ne5 19. Rg3 g6 20. Qh6 Bf8 21. Qh4 Be7 22. Qh6 Bf8 23. Qh4 Qd8 24. Rh3 h5 25. gxh6 Qxh4 26. Rxh4 Be7 27. Rh3 Nd7 28. Rg3 Kh7 29. Kb1 d5 30. exd5 Bxd5 31. f4 Bf8 32. f5 gxf5 33. Nxf5 Nf6 34. Nb6 Ne4 35. Nd4 Nxd2+ 36.
Bxd2 Bc5 37. Nxc8 Bxd4 38. Ne7 Be4 39. Kc1 a5 40. c3 Bf6 41. Bg5 Be5 42. Re3 f5 43. h4 Bd6 44. Re1 bxc3 45. bxc3 Ra7 46. Rd1 Ba3+ 47. Kd2 Bxe7 48. Ke3 Bc5+ 49. Kf4 Bc2 50. Rd8 Bxb3 51. Bf6 Kxh6 52. Rh8+ Kg6 53. Be5 Rh7 54. Rg8+ Kf7 55. Rb8 a4 56. Kg5 Be7+ 57.
Kf4 Rxh4+ 58. Ke3 Re4+ 59. Kd3 Rxe5 0-1

[Event "*** Titled Tuesday Blitz"]
[Site "Chess.com"]
[Date "2018.05.01"]
[Round "2"]
[White "b_6"]
[Black "pultineviciuspaulius"]
[Result "1/2-1/2"]
[WhiteElo "2304"]
[BlackElo "2540"]
[TimeControl "180+2"]
[EndTime "13:22:39 PDT"]
[Termination "Game drawn by repetition"]

1. d4 Nf6 2. Bf4 g6 3. Nc3 Bg7 4. e4 d6 5. Qd2 Kf8 6. Bh6 Nc6 7.
O-O-O e5 8. dxe5 Nxe5 9. h4 Be6 10. Bxg7+ Kxg7 11. f4 Neg4 12. f5 Bd7 13. Nf3 h5 14. Bd3 Qe7 15. Kb1 Bc6 16. Rde1 Rhe8 17. Nd5 Bxd5 18. exd5 Qd7 19. fxg6 fxg6 20. Qg5 Qf7 21.
Re6 Nf2 22. Rhe1 Nxd3 23. cxd3 c6 24. Nd4 Ng8 25. R1e3 Qf1+ 26. Kc2 Qf2+ 27. Kb3 Rxe6 28. Nxe6+ Kh7 29. Rf3 Qb6+ 30. Kc2 cxd5 31. Rf7+ Kh8 32. b3 Rc8+ 33. Kb2 Qc6 34. Qd2 d4 35. Nxd4 Qd5 36. Rf4 Qe5 37. Re4 Qf6 38. Ka3 d5 39. Rf4 Qd6+ 40.
Kb2 a6 41. Rf7 Qe5 42. Rf4 b5 43. Qf2 b4 44. Kb1 Qc7 45. Qd2 a5 46. Ne6 Qe5 47. Nd4 Re8 48. Kb2 Qg7 49. Kb1 Rc8 50. Kb2 Nf6 51. Kb1 Ng4 52. Ne6 Qe5 53. Rxg4 hxg4 54. Qh6+ Kg8 55. Qxg6+ Kh8 56. Qh6+ Kg8 57. Qg6+ Kh8 58.
Qh6+ Kg8 59. Qg6+ Kh8 60. Qh6+ Kg8 61. Qg6+ Kh8 62. Qh6+ Kg8 63. Qg6+ 1/2-1/2

[Event "*** Titled Tuesday Blitz"]
[Site "Chess.com"]
[Date "2018.05.01"]
[Round "2"]
[White "plumalka"]
[Black "savinspm"]
[Result "1/2-1/2"]
[WhiteElo "1984"]
[BlackElo "1975"]
[TimeControl "180+2"]
[EndTime "13:22:41 PDT"]
[Termination "Game drawn by agreement"]

1. e4 e5 2. Nf3 Nc6 3. Bc4 Bc5 4. c3 Nf6 5. d3 d6 6. Bb3 O-O 7. Nbd2 a6 8. h3 Be6 9. Bc2 d5 10. Qe2 d4 11. Nf1 h6 12. Ng3 Qd7 13. Nh4 Ne7 14.
Qf3 Nh7 15. Nhf5 Bxf5 16. Nxf5 Nxf5 17. exf5 c6 18. O-O Rad8 19. Bd2 Rfe8 20. Rae1 dxc3 21. bxc3 Qd5 22. Qg3 Kh8 23. Re4 Qxa2 24. Rc1 Qb2 25. Rh4 e4 26. d4 Bd6 27. Qe3 Qa2 28. Rxe4 Rxe4 29. Qxe4 Nf6 30. Qd3 c5 31. Re1 c4 32.
Bb1 Qa4 33. Qf3 Qd7 34. g4 b5 35. g5 hxg5 36. Bxg5 Re8 37. Rxe8+ Nxe8 38. Qh5+ Kg8 39. f6 Nxf6 40. Bxf6 gxf6 41. Qh7+ Kf8 42. Bf5 Qc6 43. Be4 Qc7 44. h4 Bh2+ 45. Kg2 Bd6 46. h5 b4 47. cxb4 c3 48. h6 Ke7 49. Qf5 Qd8 50. h7 Bxb4 51. Qg4 a5 52. Qg8 Qxd4 53. h8=Q Qxe4+ 54. Kh2 Bd6+ 55. Kg1 Qe1+ 56. Kg2 Qe4+ 57. Kf1 Qd3+ 58. Kg1 Qb1+ 59. Kg2 Qe4+ 1/2-1/2

[Event "*** Titled Tuesday Blitz"]
[Site "Chess.com"]
[Date "2018.05.01"]
[Round "2"]
[White "popov_m"]
[Black "ruvat"]
[Result "0-1"]
[WhiteElo "2377"]
[BlackElo "2252"]
[TimeControl "180+2"]
[EndTime "13:22:42 PDT"]
[Termination "ruvat won by resignation"]

1. d4 d6 2. Nf3 g6 3. g3 Bg7 4.
Bg2 Nf6 5. O-O O-O 6. b3 a5 7. a4 Nc6 8. Bb2 Nd7 9. c4 e5 10. dxe5 Ndxe5 11. Nxe5 Nxe5 12. Qc1 Nd7 13. Bxg7 Kxg7 14.
Nc3 Nc5 15. Qc2 Bf5 16. e4 Bd7 17. f4 Bc6 18. f5 f6 19. fxg6 hxg6 20. Nd5 Bxd5 21.
exd5 Qd7 22. Rf4 Rae8 23. Raf1 Re5 24. Qc3 Qe7 25. R4f3 b6 26. h4 Nd7 27. Bh3 Nc5 28.
Kh1 Ne4 29. Qc2 f5 30. Qg2 Nc5 31. g4 Qxh4 32. gxf5 Rf6 33. fxg6 Rxg6 34. Rf7+ Kh6 35. Qd2+ Reg5 36. Qh2 Ne4 37. R7f3 Ng3+ 38. Rxg3 Rxg3 39. Be6 Qxh2+ 40. Kxh2 R3g5 41. Rf7 Rh5+ 42. Bh3 Rg7 43. Rf6+ Kg5 44. Rf2 Rgh7 45. Rf5+ Kg6 46. Rf3 Rxh3+ 47. Rxh3 Rxh3+ 48. Kxh3 Kf5 49. Kh4 Ke4 50.
Kg5 Kd4 51. Kf6 Kc3 52. Ke7 Kxb3 53. Kd7 Kxc4 54. Kxc7 Kc5 55. Kb7 b5 56. axb5 Kxb5 57. Kc7 Kc5 0-1

[Event "*** Titled Tuesday Blitz"]
[Site "Chess.com"]
[Date "2018.05.01"]
[Round "2"]
[White "Koksik_13"]
[Black "amiralfio"]
[Result "0-1"]
[WhiteElo "2495"]
[BlackElo "2353"]
[TimeControl "180+2"]
[EndTime "13:22:51 PDT"]
[Termination "amiralfio won by resignation"]

1. e4 c5 2. Nf3 e6 3. c3 d5 4. e5 d4 5. cxd4 cxd4 6. Bd3 Bd7 7.
O-O Bc6 8. Na3 g5 9. Nc2 Bc5 10. b4 g4 11. b5 gxf3 12. bxc6 fxg2 13. cxb7 gxf1=Q+ 14. Bxf1 Nd7 15. bxa8=Q Qxa8 16. Bg2 Qb8 17. Ba3 Qxe5 18. Qf3 Bxa3 19. Nxa3 Ngf6 20. Nc4 Qc7 21. Qa8+ Qb8 22. Qf3 O-O 23. Qd3 Qf4 24. Rb1 Kh8 25.
Qg3 Qxg3 26. hxg3 Rc8 27. Nd6 Rc2 28. Nxf7+ Kg7 29. Nd8 Rxd2 30. Rb7 Kg6 31. Rxa7 Ne5 32. Nxe6 Rd1+ 33. Bf1 d3 34. Nf4+ Kf5 35. Kg2 d2 36. Be2 Re1 37. Ra5 Rxe2 38. Nxe2 d1=Q 39. Nf4 Qf3+ 40.
Kg1 Ng4 41. Nh3 Qd1+ 42. Kg2 Ne3+ 43. Kh2 Ke4 44. Ng5+ Kd4 45. Ne6+ Kc4 46. Rxe5 Ng4+ 47.
Kg2 Nxe5 48. Nf4 Nd3 49. Nh3 Qd2 50. a4 Qa2 51. g4 Qxa4 52. Ng5 Qc6+ 53. f3 Qg6 54. Ne4 Kd4 55. Kg3 Ke3 56. Nc3 Qd6+ 57. Kg2 Nf4+ 58. Kg3 Ne2+ 59. Kh4 Qh2+ 60. Kg5 Nxc3 61.
f4 0-1

[Event "*** Titled Tuesday Blitz"]
[Site "Chess.com"]
[Date "2018.05.01"]
[Round "2"]
[White "TastyFrenchFries"]
[Black "cukus"]
[Result "0-1"]
[WhiteElo "2361"]
[BlackElo "2407"]
[TimeControl "180+2"]
[EndTime "13:22:57 PDT"]
[Termination "cukus won by resignation"]

1. e4 g6 2. d4 Bg7 3. Nf3 c5 4. c3 cxd4 5. cxd4 d5 6. e5 Nh6 7. h3 O-O 8. Nc3 Nc6 9. Be3 Nf5 10. Qd2 Nxe3 11. fxe3 f6 12. exf6 exf6 13. Bd3 Re8 14. O-O Bh6 15. Rfe1 a6 16. Rac1 Be6 17. Re2 Qd6 18.
Rce1 b5 19. Qd1 f5 20. a3 Bf7 21. b4 Re7 22. Qb3 Rae8 23. Nd1 Qg3 24. a4 Rb7 25. axb5 axb5 26. Nc3 Qd6 27. Nxb5 Qxb4 28. Qxb4 Nxb4 29.
Nd6 Nxd3 30. Nxb7 Nxe1 31. Rxe1 Rxe3 32. Rxe3 Bxe3+ 33. Kf1 Kg7 34. Ke2 Bf4 35. Nc5 Bd6 36. Nb7 Be7 37. Ne5 Be8 38. Nc5 Bd6 39. Kd3 Bb5+ 40.
Ke3 Kf6 41. Nf3 g5 42. Nb7 f4+ 43. Kf2 Bb4 44. Ne5 Bc3 45. Nf3 Bd3 46. Nc5 Be4 47. Nd7+ Ke7 48. Nde5 h6 49. h4 Kf6 50. hxg5+ hxg5 51. Ng4+ Kf5 52. Nge5 Bxf3 53. Nxf3 g4 54. Nh4+ Ke4 55. g3 Bxd4+ 56. Kf1 f3 57. Ng6 Be5 58. Ne7 Bxg3 59. Nc6 Be5 60. Nb4 g3 61. Nc2 g2+ 62. Kf2 Bd4+ 63. Nxd4 Kxd4 64. Kg1 Ke3 65. Kh2 Kf2 66.
Kh3 g1=Q 67. Kh4 Qg6 0-1

[Event "*** Titled Tuesday Blitz"]
[Site "Chess.com"]
[Date "2018.05.01"]
[Round "2"]
[White "Entilza"]
[Black "Alohamora11"]
[Result "1-0"]
[WhiteElo "2198"]
[BlackElo "2107"]
[TimeControl "180+2"]
[EndTime "13:22:58 PDT"]
[Termination "Entilza won by checkmate"]

1. d4 Nf6 2. c4 c5 3. Nf3 cxd4 4. Nxd4 g6 5. Nc3 Bg7 6. e4 Nc6 7. Be3 O-O 8. Be2 d6 9. Qd2 Bd7 10. O-O Nxd4 11. Bxd4 Bc6 12. f3 a5 13. b3 Nd7 14.
Be3 Nc5 15. Rab1 Be5 16. a3 a4 17. b4 Nb3 18. Qd3 e6 19. b5 Bd7 20. Nxa4 Rxa4 21. Rxb3 Bc8 22. f4 Bg7 23. Rd1 Re8 24. Qxd6 Qa5 25.
Bb6 Qa8 26. Qc7 Bf6 27. Bc5 b6 28. Bxb6 Qxe4 29. Bf3 Qxc4 30. Qxc4 Rxc4 31. Be3 e5 32. g3 exf4 33. Bxf4 Bd4+ 34. Kg2 f6 35. b6 g5 36. Bd5+ Be6 37. Bxe6+ Rxe6 38. b7 Re2+ 39. Kf3 Rf2+ 40. Kg4 Be5 41. Rd7 Bxf4 42. gxf4 Rfxf4+ 43. Kg3 Rg4+ 44.
Kf3 Rgf4+ 45. Ke3 Rce4+ 46. Kd3 Rf3+ 47. Kxe4 Rxb3 48. Rd8+ Kf7 49. b8=Q Rxb8 50. Rxb8 Kg6 51. Rb6 h5 52. a4 g4 53. a5 Kg5 54. a6 f5+ 55. Ke3 f4+ 56. Kf2 h4 57. Rb5+ Kf6 58.
a7 g3+ 59. hxg3 fxg3+ 60. Kg2 h3+ 61. Kxh3 g2 62. Kxg2 Ke6 63. a8=Q Kd7 64. Qa6 Kc7 65.
Rb7+ Kc8 66. Qa8# 1-0

[Event "*** Titled Tuesday Blitz"]
[Site "Chess.com"]
[Date "2018.05.01"]
[Round "2"]
[White "DrVelja"]
[Black "daro94"]
[Result "0-1"]
[WhiteElo "2533"]
[BlackElo "2727"]
[TimeControl "180+2"]
[EndTime "13:23:08 PDT"]
[Termination "daro94 won by resignation"]

1. e4 c6 2. d4 d5 3. e5 Bf5 4.
h4 h5 5. Bd3 Bxd3 6. Qxd3 e6 7.
Bg5 Be7 8. Nf3 Nh6 9. Nc3 Nf5 10. Ne2 Qb6 11. O-O Bxg5 12. hxg5 g6 13. b3 Na6 14.
c4 Rd8 15. c5 Qb5 16. Qxb5 cxb5 17. Nc3 Nc7 18. a4 b4 19. Nb5 Kd7 20. Nxa7 Ra8 21.
Nb5 Rhb8 22. Nd6 Ke7 23. Rfc1 Ra5 24. Kf1 Kf8 25. Ke2 Ne7 26. Kd3 Ne8 27. Ne1 Nc6 28. Nc2 Ng7 29. Ne3 Ke7 30. Rc2 Ra7 31. Rh1 Rd8 32.
Rh4 Nf5 33. Nexf5+ exf5 34. f3 Ke6 35. Rf4 Rh8 36. Rc1 Na5 37. Rb1 Raa8 38. g4 hxg4 39. fxg4 Rh3+ 40. Ke2 Rxb3 41. Rbf1 Rb2+ 42. Kd3 Rb3+ 43.
Kc2 Rc3+ 44. Kb1 Nc4 45. gxf5+ gxf5 46. Rxf5 Nd2+ 47. Kb2 Nxf1 48. Rxf1 Rh8 49. Rf6+ Kd7 50. Rxf7+ Kc6 51. Rf2 Rhh3 52. g6 Rhg3 53. e6 Rb3+ 54. Kc2 Rbc3+ 55. Kd2 Ra3 56. e7 Ra2+ 57. Ke1 Rg1+ 58. Rf1 Ra1+ 59. Ke2 Ra2+ 60. Kd3 Rg3+ 0-1

[Event "*** Titled Tuesday Blitz"]
[Site "Chess.com"]
[Date "2018.05.01"]
[Round "2"]
[White "Artur0208"]
[Black "Oleksandr_Bortnyk"]
[Result "0-1"]
[WhiteElo "2384"]
[BlackElo "2778"]
[TimeControl "180+2"]
[EndTime "13:23:11 PDT"]
[Termination "Oleksandr_Bortnyk won by resignation"]

1. d4 Nf6 2. Nf3 b6 3. g3 Bb7 4. Bg2 g6 5. O-O Bg7 6. c4 O-O 7.
Nc3 Ne4 8. Qc2 Nxc3 9. Qxc3 c5 10. Be3 Nc6 11. Rad1 Rc8 12. Qd2 Nxd4 13. Nxd4 Bxg2 14.
Kxg2 cxd4 15. Bxd4 Bxd4 16. Qxd4 d6 17. b3 Rc5 18. Rd3 a5 19. Rfd1 Qa8+ 20. f3 Rfc8 21. a4 Qb7 22. e4 h5 23. Qf2 Qd7 24. Rd5 Qe6 25. Qd2 Qf6 26. Rxc5 bxc5 27. Qxa5 Qb2+ 28. Rd2 Qxb3 29. Qb5 Qc3 30. Ra2 h4 31. gxh4 Kh7 32. a5 Rg8 33. h3 f5 34. Re2 g5 35. exf5 gxh4+ 36. Kf2 Qd4+ 37. Re3 Qd2+ 38. Re2 Qd4+ 39. Re3 Qd1 40. Rxe7+ Kh6 41. Re6+ Kh5 42. Rg6 Qd2+ 43. Kf1 Qd3+ 44. Kf2 Qd2+ 45. Kf1 Qd3+ 46. Kf2 Qd4+ 47. Ke2 Qe5+ 48. Kd1 Rf8 49. Qd7 Qd4+ 50. Ke2 Qxc4+ 51.
Kf2 Rf7 52. Qe8 Qd4+ 53. Ke2 Qb2+ 54. Ke3 Qc3+ 55. Kf4 Qd4+ 56. Qe4 Qd2+ 57. Qe3 Qh2+ 58. Ke4 Qe5+ 59. Kd3 Qxf5+ 60. Qe4 Qxg6 61. Qxg6+ Kxg6 62. Kc4 Rxf3 63. Kd5 Rxh3 64. Kxd6 Ra3 65. Kxc5 Rxa5+ 66. Kb4 Rg5 0-1

[Event "*** Titled Tuesday Blitz"]
[Site "Chess.com"]
[Date "2018.05.01"]
[Round "2"]
[White "Muracle"]
[Black "SCIM"]
[Result "0-1"]
[WhiteElo "2393"]
[BlackElo "2377"]
[TimeControl "180+2"]
[EndTime "13:23:17 PDT"]
[Termination "SCIM won by resignation"]

1. Nf3 d5 2. g3 Nf6 3. Bg2 g6 4. O-O Bg7 5. c4 dxc4 6. Qa4+ Nbd7 7. Qxc4 O-O 8. d3 c6 9. Qc2 Nb6 10. Nc3 Nbd5 11. Rd1 Nxc3 12. bxc3 Bd7 13. Rb1 b6 14. c4 Rc8 15. c5 b5 16. Bb2 Be6 17. Ba1 Bd5 18.
e4 Be6 19. d4 Bg4 20. h3 Bxf3 21. Bxf3 Nd7 22. Rbc1 e5 23. d5 cxd5 24. Rxd5 Qe7 25.
Bg4 Rc7 26. Bb2 Nf6 27. Rxe5 Qd8 28. Be2 Qc8 29. Kg2 a6 30. g4 Nd7 31. Rd5 Bxb2 32. Qxb2 Nxc5 33. Qe5 Ne6 34. Rxc7 Qxc7 35. Qxc7 Nxc7 36. Rc5 Ne6 37. Rc2 Rd8 38. Bf1 Rd4 39. f3 Ra4 40. Kg3 Ra3 41. Bg2 g5 42. h4 h6 43. Rd2 Kg7 44. h5 b4 45. Bf1 a5 46.
Bc4 Rc3 47. Bb3 Nc5 48. Bd5 Nd3 49. Bb3 Ne5 50. Rf2 Kf6 51. Kg2 Nd3 52. Rd2 Ne1+ 53.
Kf2 Nxf3 54. Rd6+ Kg7 55. Rd5 Nh2 56. Rxa5 Nxg4+ 57. Kg2 Nf6 58. e5 Nxh5 59. Ra7 Nf4+ 60. Kf2 Kg6 61. Bxf7+ Kf5 62. e6 Nxe6 63. Ra6 Rc2+ 64.
Ke3 Nf4 65. Rxh6 Re2+ 66. Kf3 Re7 67. Bb3 g4+ 68. Kg3 Re3+ 69. Kf2 Rf3+ 70. Kg1 g3 71. Rh8 Rf2 72. Rf8+ Ke5 73. Re8+ Kd4 74. Kh1 Rh2+ 75. Kg1 Nh3+ 76. Kf1 g2+ 77. Ke2 0-1